 Dungeon Crawl Stone Soup version 0.22-a0-480-g991dd4b (webtiles) character file.

126 rogsnak the Digger (level 4, -1/35 HPs)
             Began as a Draconian Earth Elementalist on June 14, 2018.
             Was an Initiate of Ru.
             Succumbed to a worker ant's poison
             ... on level 3 of the Dungeon.
             The game lasted 00:04:39 (3137 turns).

rogsnak the Digger (Draconian Earth Elementalist)   Turns: 3137, Time: 00:04:40

Health: -1/35      AC:  5    Str: 15    XL:     4   Next: 84%
Magic:  1/7        EV: 13    Int: 17    God:    Ru [......]
Gold:   119        SH:  0    Dex: 11    Spells: 4/8 levels left

rFire    . . .     SeeInvis .   k - +0 hand axe
rCold    . . .     Gourm    .   (no shield)
rNeg     . . .     Faith    .   (armour unavailable)
rPois    .         Spirit   .   (helmet restricted)
rElec    .         Reflect  .   (no cloak)
rCorr    .         Harm     .   (no gloves)
MR       .....                  (no boots)
Stlth    ++........             (no amulet)
HPRegen  0.11/turn              (no ring)
MPRegen  0.10/turn              (no ring)

@: mighty, lethally poisoned (-1 -> -18)
A: unfitting armour, cold-blooded, AC +5
a: Renounce Religion


You were on level 3 of the Dungeon.
You worshipped Ru.
Ru was noncommittal.
You were not hungry.

You visited 1 branch of the dungeon, and saw 3 of its levels.

You collected 119 gold pieces.

Inventory:

Hand Weapons
 i - a +0 dagger
 k - a +0 hand axe (weapon)
Missiles
 b - 52 stones (quivered)
 d - 21 bolts
Magical Staves
 q - an uncursed staff of wizardry
Jewellery
 l - an uncursed ring of fire
Scrolls
 f - a scroll of fog {unknown}
 h - 2 scrolls of amnesia {unknown}
 m - 3 scrolls of remove curse {unknown}
 n - 2 scrolls of teleportation {unknown}
 o - a scroll of identify {unknown}
 r - a scroll of enchant armour {unknown}
 s - a scroll of blinking {unknown}
Potions
 a - a potion of flight {unknown}
 e - a potion of heal wounds {unknown}
 g - a potion of degeneration {unknown}
 j - a potion of berserk rage {unknown}
 p - a potion of might
 t - a potion of lignification {unknown}
Comestibles
 c - 3 rations


   Skills:
 + Level 1.3 Fighting
 + Level 2.9 Dodging
 - Level 1.7 Stealth
 + Level 2.6 Spellcasting
 * Level 0.9 Conjurations
   Level 1.0 Transmutations
 + Level 4.1 Earth Magic


You had 4 spell levels left.
You knew the following spells:

 Your Spells              Type           Power        Failure   Level  Hunger
a - Sandblast             Erth           ###...       3%          1    #......
b - Stone Arrow           Conj/Erth      ##....       19%         3    ###....

Your spell library contained the following spells:

 Spells                   Type           Power        Failure   Level  Hunger
 Passwall                 Tmut/Erth      ##......     10%         2    ##.....
 Lee's Rapid Deconstruct  Erth           ###.......   67%         5    ######.
 Petrify                  Tmut/Erth      ##......     54%         4    #####..


Dungeon Overview and Level Annotations

Branches:
Dungeon (3/15)

Altars:
Gozag
Okawaru
Ru
Wu Jian

Annotations:
D:3 Theotherone's ghost, amateur MiFi


Innate Abilities, Weirdness & Mutations

Your plain brown scales are hard. (AC +5)
You cannot fit into any form of body armour.
You are cold-blooded and may be slowed by cold attacks.


Message History

The worker ant bites you but does no damage.
You hit the worker ant.
The worker ant is almost dead.
You feel sick.
The worker ant bites you but does no damage.
You hit the worker ant but do no damage.
The worker ant is almost dead.
You feel sick. The worker ant bites you.
* * * LOW HITPOINT WARNING * * *
You are more poisoned.
The worker ant poisons you! The worker ant bites you.
* * * LOW HITPOINT WARNING * * *
It was a potion of might.
You feel very mighty all of a sudden.
* * * LOW HITPOINT WARNING * * *
You feel sick.
The worker ant bites you but does no damage.
You barely miss the worker ant.
The worker ant is almost dead.
You die...

###)### #.# #.# #.# ..#
#.# #.# !.# ##+## #.#
?.# ##...## #.####..#
#.....## #.......#
.......## ##.###.##
........####...##a###.##
........'.......@.......
........####...##.######
.......## ##.## .#
#.....## ### .# ##...##
.# ##+## ##


You could see a worker ant.

Vanquished Creatures
  An orc wizard (D:3)
  5 adders
  An ooze (D:1)
  A worm (D:2)
  3 orcs (D:3)
  3 giant cockroaches
  6 hobgoblins
  4 jackals (D:2)
  A quokka (D:2)
  3 bats
  2 frilled lizards (D:1)
  4 goblins
  6 kobolds
  3 rats (D:2)
43 creatures vanquished.

Notes
Turn   | Place    | Note
-------+----------+-------------------------------------------
     0 | D:1      | rogsnak the Draconian Earth Elementalist began the quest for the Orb.
     0 | D:1      | Reached XP level 1. HP: 14/14 MP: 3/3
   411 | D:1      | Reached XP level 2. HP: 17/20 MP: 5/5
   737 | D:2      | Found a sacrificial altar of Ru.
   744 | D:2      | Became a worshipper of Ru the Awakened
   959 | D:2      | Reached XP level 3. HP: 11/26 MP: 4/6
   978 | D:2      | Learned a level 3 spell: Stone Arrow
  1979 | D:2      | Found an ornate altar of the Wu Jian Council.
  2031 | D:2      | Found an iron altar of Okawaru.
  2251 | D:2      | Reached skill level 1 in Fighting
  2362 | D:3      | Found an opulent altar of Gozag.
  2373 | D:3      | Reached skill level 4 in Earth Magic
  2373 | D:3      | Reached XP level 4. HP: 22/35 MP: 5/7
  2596 | D:3      | Noticed Theotherone's ghost (amateur MiFi)
  3136 | D:3      | HP: 1/35 [poisoned by a worker ant]
  3137 | D:3      | Succumbed to a worker ant's poison

Vault maps used:
D:1:      onia_arrival_mini_spirals
D:2:      lemuel_doored_altar, overflow_temple_1_default, minmay_hedge_maze,
          nicolae_ru_awakened_eye
D:3:      vehumet_crystals, nicolae_gozag_cash_rules_everything_around_me,
          makhleb_heckhound_becter, chequers_ecumenical_altar_lobes,
          xom_redecorated

Skill      XL: |  1  2  3 |
---------------+----------+-----
Dodging        | 2 |  2.9
Fighting       | 1 |  1.3
Earth Magic    | 4 |  4.1
Stealth        | |  1.7
Spellcasting   | |  2.6
Conjurations   | |  0.9
Transmutations | |  1.0

Action                   |  1- 3 |  4- 6 || total
-------------------------+-------+-------++-------
Melee: Unarmed           |    22 |       ||    22
       Hand axe          |   100 |    61 ||   161
       Tailslap          |     9 |     4 ||    13
 Cast: Sandblast         |     2 |    10 ||    12
  Use: Potion            |       |     1 ||     1
 Stab: Sleeping          |     5 |       ||     5
  Eat: Chunk             |     5 |     2 ||     7
Armor: Skin              |    59 |    19 ||    78
Dodge: Dodged            |    98 |    37 ||   135

Table legend:
 A = Spawn XP
 B = Non-spawn XP
 C = Spawn XP percentage of total XP
 D = Spawn monster count
 E = Non-spawn monster count
 F = Spawn count percentage of total count
 G = Total turns spent on level
                    A         B        C        D         E        F      G
               +---------+---------+-------+---------+---------+-------+---------
         Total |       0 |     181 |   0.0 |       0 |      43 |   0.0 |  3137
               +---------+---------+-------+---------+---------+-------+---------
           D:1 |       0 |      23 |   0.0 |       0 |      12 |   0.0 |   737
           D:2 |       0 |      72 |   0.0 |       0 |      20 |   0.0 |  1624
           D:3 |       0 |      86 |   0.0 |       0 |      11 |   0.0 |   776
               +---------+---------+-------+---------+---------+-------+---------
